 Dungeon Crawl Stone Soup version 0.30-a0-696-g2367cd04db (webtiles) character file.

Game seed: 4101671285323687170

32 pokeman the Magician (level 3, 0/20 HPs)
             Began as a Deep Elf Hedge Wizard on Jan 20, 2023.
             Slain by a quokka (4 damage)
             ... on level 1 of the Dungeon.
             The game lasted 00:01:26 (808 turns).

pokeman the Magician (Deep Elf Hedge Wizard)         Turns: 808, Time: 00:01:27

Health: 0/20       AC:  4    Str:  7    XL:     3   Next: 8%
Magic:  4/11       EV: 12    Int: 20    God:
Gold:   41         SH:  0    Dex: 14    Spells: 11/12 levels left

rFire   . . .      SeeInvis .    h - +0 war axe
rCold   . . .      Faith    .    (no shield)
rNeg    . . .      Spirit   .    b - +0 robe
rPois   .          Reflect  .    c - +0 hat
rElec   .          Harm     .    i - +0 cloak
rCorr   .          Rampage  .    g - +0 pair of gloves
Will    .....                    (no boots)
Stlth   ++                       (no amulet)
HPRegen 0.23/turn                (no ring)
MPRegen 0.12/turn                (no ring)

@: very slightly contaminated
A: no striking features
a: no special abilities


You were on level 1 of the Dungeon.
You visited 1 branch of the dungeon, and saw 1 of its levels.

You collected 41 gold pieces.

Inventory:

Hand Weapons
 h - a +0 war axe (weapon)
Armour
 b - a +0 robe (worn)
 c - a +0 hat (worn)
 g - a +0 pair of gloves (worn)
 i - a +0 cloak (worn)
Scrolls
 e - 2 scrolls of blinking {unknown}
Potions
 a - a potion of lignification {unknown}
 d - a potion of magic
 f - a potion of heal wounds {unknown}


   Skills:
 + Level 0.7 Fighting
 + Level 0.7 Armour
 - Level 2.4 Dodging
 - Level 2.4 Stealth
 * Level 5.1 Spellcasting
 + Level 1.7 Conjurations
 - Level 1.1 Summonings
 - Level 1.1 Translocations


You had 11 spell levels left.
You knew the following spells:

 Your Spells              Type           Power      Damage    Failure   Level
a - Magic Dart            Conj           48%        1d5       5%          1

Your spell library contained the following spells:

 Spells                   Type           Power      Damage    Failure   Level
 Blink                    Tloc           18%        N/A       11%         2
 Call Imp                 Summ           9%         N/A       11%         2
 Slow                     Hex            20%        N/A       12%         1
 Cigotuvi's Dreadful Rot  Necr/Pois/Air  10%        N/A       17%         2
 Mephitic Cloud           Conj/Pois/Air  7%         N/A       26%         3


Dungeon Overview and Level Annotations

Branches:
Dungeon (1/15)

Altars:

Shops:
D:1 *


Message History

Increase (S)trength, (I)ntelligence, or (D)exterity?
You feel clever. x2
You barely miss the jackal. You punch the jackal, but do no damage.
The quokka twitches its whiskers.
The jackal completely misses you.
The jackal bites you but does no damage.
You slash the jackal!
You kill the jackal!
You miss the jackal. The jackal barely misses you.
The quokka closely misses you. The jackal bites you.
You hit the quokka but do no damage. You miss the jackal. The jackal bites you.
The quokka bites you.
The jackal bites you but does no damage.
The quokka bites you.
You closely miss the quokka. You barely miss the jackal.
The jackal barely misses you. The quokka barely misses you.
The jackal closely misses you. The quokka bites you.
You closely miss the quokka. You closely miss the jackal.
The jackal completely misses you. The quokka bites you. The jackal bites you.
You miss the quokka. You closely miss the jackal.
The jackal closely misses you. The quokka closely misses you.
The jackal closely misses you. The quokka barely misses you.
Casting: Magic Dart (safe; 5% risk of failure)
Confirm with . or Enter, or press ? or * to list all spells.
Aiming: Magic Dart (safe; 5% risk of failure)
Press: ? - help, Shift-Dir - straight line, f - quokka
Aim: a quokka (100% to hit)
The magic dart hits the quokka but does no damage.
The jackal barely misses you. The quokka misses you. The jackal bites you.
Casting: Magic Dart (safe; 5% risk of failure)
Confirm with . or Enter, or press ? or * to list all spells.
Aiming: Magic Dart (safe; 5% risk of failure)
Press: ? - help, Shift-Dir - straight line, p - quokka You miscast Magic Dart.
You are very lightly contaminated with residual magic.
Nothing appears to happen.
The quokka bites you.
* * * LOW HITPOINT WARNING * * *
The jackal bites you but does no damage.
The quokka bites you.
You die...

.##.......................
..................)#######
..#...#..........#.# #
####......รท..#.#.# #
..........#...#.# #
..##..###.####.#.# #
##....# #.## #.#.#
#....####..# #...#
.....hr@##.###.###
......#h.....#.# .....
####.....######.. ....
###......).... ...
..........####.. #.
..........# # #..........#
############


You could see a quokka and 2 jackals.

Vanquished Creatures
  2 bats (D:1)
  An endoplasm (D:1)
  A giant cockroach (D:1)
  4 hobgoblins (D:1)
  6 jackals (D:1)
  5 ball pythons (D:1)
  2 frilled lizards (D:1)
  2 kobolds (D:1)
  5 rats (D:1)
28 creatures vanquished.

Notes
Turn   | Place    | Note
-------+----------+-------------------------------------------
     0 | D:1      | pokeman the Deep Elf Hedge Wizard began the quest for the
                  | Orb.
     0 | D:1      | Reached XP level 1. HP: 10/10 MP: 7/7
   274 | D:1      | Reached XP level 2. HP: 15/16 MP: 0/9
   626 | D:1      | Reached skill level 5 in Spellcasting
   713 | D:1      | Found Dyapromn's General Store.
   801 | D:1      | Reached XP level 3. HP: 19/20 MP: 5/11
   808 | D:1      | Slain by a quokka

Illustrated notes

Levels and vault maps discovered:
D:1:      ncdulo_watergridlock, layout_rooms, serial_shops,
          nicolae_shop_competitors_out_of_business, shop,
          shapermc_ecumenical_altar_petra

Skill      XL: |  1  2 |
---------------+-------+-----
Spellcasting   | 5 |  5.1
Fighting       | |  0.7
Armour         | |  0.7
Dodging        | |  2.4
Stealth        | |  2.4
Conjurations   | |  1.7
Summonings     | |  1.1
Translocations | |  1.1

Action                   || total
-------------------------++-------
Melee: War axe           ||     9
       Punch             ||     1
 Cast: Magic Dart        ||    65
Armor: Robe              ||    12
Dodge: Dodged            ||    18

Table legend: (Time is in decaauts)
 A = Elapsed time spent in this place.
 B = Non-inter-level travel time spent in this place.
 C = Inter-level travel time spent in this place.
 D = Time resting spent in this place.
 E = Time spent auto-exploring this place.
 F = Levels seen in this place.
 G = Mean time per level.
                   A        B        C        D        E       F      G
               +--------+--------+--------+--------+--------+-----+--------+
         Total |    812 |    812 |      0 |     94 |    575 |   1 |  812.0 |
       Dungeon |    812 |    812 |      0 |     94 |    575 |   1 |  812.0 |
               +--------+--------+--------+--------+--------+-----+--------+

Top non-repeatable levels by time:
     D:1: 812 daAuts
